 Dungeon Crawl Stone Soup version 0.30-a0-748-ge6a52f7cba (webtiles) character file.

Game seed: 6146338470775663594

1950 HammerPanzer the Cleaver (level 8, -1/64 HPs)
             Began as a Minotaur Berserker on Feb 8, 2023.
             Was a Priest of Trog.
             Slain by an ogre
             ... wielding a +0 giant spiked club
              (24 damage)
             ... on level 6 of the Dungeon.
             The game lasted 00:09:51 (4703 turns).

HammerPanzer the Cleaver (Minotaur Berserker)       Turns: 4703, Time: 00:09:51

Health: -1/64      AC: 13    Str: 25    XL:     8   Next: 99%
Magic:  7/7        EV:  7    Int:  4    God:    Trog [***...]
Gold:   323        SH:  0    Dex:  9    Spells: 7/7 levels left

rFire   . . .      SeeInvis .    n - +0 war axe
rCold   + . .      Faith    .    (no shield)
rNeg    . . .      Spirit   .    w - +0 plate armour
rPois   .          Reflect  .    (helmet restricted)
rElec   .          Harm     .    (no cloak)
rCorr   .          Rampage  .    (no gloves)
Will    .....                    z - +1 pair of boots Stlth
                                 i - amulet of regeneration
HPRegen 1.10/turn                f - ring of protection from cold
MPRegen 0.10/turn                (no ring)

@: on berserk cooldown, slowed, invisible, very slow
A: horns 2, retaliatory headbutt
a: Renounce Religion, Berserk, Trog's Hand


You were on level 6 of the Dungeon.
You worshipped Trog.
Trog was most pleased with you.
You visited 1 branch of the dungeon, and saw 6 of its levels.

You collected 323 gold pieces.

Inventory:

Hand Weapons
 n - a +0 war axe (weapon)
Missiles
 g - a poisoned dart (quivered)
 r - 2 silver javelins
Armour
 w - a +0 plate armour (worn)
 z - a +1 pair of boots (worn)
Jewellery
 f - a ring of protection from cold (left hand)
 i - an amulet of regeneration (around neck)
 l - a ring of fire
Wands
 p - a wand of roots (29)
 t - a wand of paralysis (7)
Scrolls
 a - 2 scrolls of blinking
 m - 2 scrolls of teleportation
 o - a scroll of magic mapping
 x - a scroll of noise {unknown}
 y - a scroll of brand weapon {unknown}
Potions
 b - 2 potions of attraction
 c - a potion of brilliance {unknown}
 d - a potion of heal wounds
 e - a potion of curing
 h - a potion of might {unknown}
 j - a potion of invisibility
 k - a potion of haste {unknown}
 q - a potion of degeneration {unknown}
 s - a potion of mutation {unknown}
 u - 2 potions of lignification {unknown}


   Skills:
 - Level 3.6 Fighting
 + Level 14.2 Axes
 - Level 2.4 Armour
 - Level 2.1 Dodging


You had 7 spell levels left.
You didn't know any spells.
Your spell library was empty.

Dungeon Overview and Level Annotations

Branches:
Dungeon (6/15)             Temple (0/1) D:6

Altars:
Elyvilon
Gozag
Yredelemnul
Zin
The Shining One


Innate Abilities, Weirdness & Mutations

You have a pair of horns on your head.
You reflexively headbutt those who attack you in melee.


Message History

The ogre shouts!
You hear a shout! x2
You feel your anger nearly subside.
You feel sick.
You are no longer berserk.
You are exhausted.
You feel yourself slow down.
You feel sick.
You feel sick.
You feel sick.
Throw: 4 darts (poison)
Press: ? - help, Q - select action, (/) - cycle Shift-Dir - straight line, f - ogre
Aim: an ogre, wielding a +0 giant spiked club (71% to hit)
You throw a poisoned dart. The poisoned dart hits the ogre.
You feel sick.
You are no longer poisoned.
The ogre completely misses you.
You barely miss the ogre.
Throw: 3 darts (poison)
Press: ? - help, Q - select action, (/) - cycle Shift-Dir - straight line, f/p - ogre
Aim: an ogre, wielding a +0 giant spiked club (71% to hit)
You throw a poisoned dart.
The poisoned dart barely misses the ogre.
The ogre hits you with a +0 giant spiked club!
You hit the ogre.
The ogre is lightly wounded.
The ogre hits you with a +0 giant spiked club!!
* * * LOW HITPOINT WARNING * * *
Throw: 2 darts (poison)
Press: ? - help, Q - select action, (/) - cycle Shift-Dir - straight line, f/p - ogre
Aim: an ogre, wielding a +0 giant spiked club (71% to hit)
You throw a poisoned dart. The poisoned dart hits the ogre.
The ogre barely misses you.
You feel much better.
The ogre hits you with a +0 giant spiked club.
You fade into invisibility!
The ogre barely misses you.
The ogre hits you with a +0 giant spiked club!!
* * * LOW HITPOINT WARNING * * *
The ogre hits you but does no damage.
The ogre hits you with a +0 giant spiked club!!
You die...

.## ##'# #.# .#
#. #.# .# #. ###
####.# .# #..
.(#.# .. #.#
#.#.# .
#.####.#.#
#.#.#......#
#..##.#.#.##(###
#.......@.##.#
####.#O####(#
#.####.#
#......#
########


You could see an ogre (unable to see you).

Vanquished Creatures
  A steam dragon (D:6)
  2 water moccasins
  An ice beast (D:5)
  2 black bears (D:6)
  4 ogres
  A centaur (D:4)
  2 phantoms
  2 bullfrogs
  2 scorpions (D:6)
  2 necrophages
  2 orc priests
  A hound (D:5)
  2 iguanas (D:5)
  4 orc wizards
  4 adders
  2 white imps (D:5)
  2 worms
  A dart slug (D:3)
  22 orcs
  8 endoplasms
  5 giant cockroaches
  5 goblins
  7 hobgoblins
  6 kobolds
  3 quokkas
  11 ball pythons
  8 bats
  3 frilled lizards (D:1)
  5 rats
120 creatures vanquished.

Notes
Turn   | Place    | Note
-------+----------+-------------------------------------------
     0 | D:1      | HammerPanzer the Minotaur Berserker began the quest for the
                  | Orb.
     0 | D:1      | Reached XP level 1. HP: 19/19 MP: 0/0
    40 | D:1      | Reached skill level 4 in Axes
   107 | D:1      | Reached XP level 2. HP: 19/26 MP: 1/1
   495 | D:1      | Reached skill level 5 in Axes
   647 | D:1      | Reached XP level 3. HP: 31/31 MP: 2/2
   697 | D:1      | Reached ** piety under Trog
   797 | D:1      | Found a glowing golden altar of the Shining One.
  1501 | D:2      | Reached skill level 6 in Axes
  1501 | D:2      | Reached XP level 4. HP: 35/39 MP: 3/3
  2195 | D:3      | Reached skill level 7 in Axes
  2195 | D:3      | Reached XP level 5. HP: 24/45 MP: 4/4
  2339 | D:3      | Found a faded altar of an unknown god.
  2446 | D:3      | Found a basalt altar of Yredelemnul.
  2839 | D:4      | Found an opulent altar of Gozag.
  2846 | D:4      | Noticed an ogre
  2856 | D:4      | Killed an ogre
  2857 | D:4      | Reached skill level 8 in Axes
  2858 | D:4      | Reached XP level 6. HP: 51/51 MP: 5/5
  2859 | D:4      | Reached *** piety under Trog
  2975 | D:4      | Reached skill level 9 in Axes
  3337 | D:5      | Entered Level 5 of the Dungeon
  3354 | D:5      | Reached XP level 7. HP: 54/57 MP: 6/6
  3413 | D:5      | Reached skill level 10 in Axes
  3458 | D:5      | Reached skill level 11 in Axes
  3620 | D:5      | Reached XP level 8. HP: 64/64 MP: 7/7
  3792 | D:5      | Reached skill level 12 in Axes
  4300 | D:6      | Found a glowing golden altar of the Shining One.
  4300 | D:6      | Found a white marble altar of Elyvilon.
  4300 | D:6      | Found a glowing silver altar of Zin.
  4336 | D:6      | Found a staircase to the Ecumenical Temple.
  4417 | D:6      | Reached skill level 13 in Axes
  4647 | D:6      | Reached skill level 14 in Axes
  4703 | D:6      | Slain by an ogre

Illustrated notes

Levels and vault maps discovered:
D:1:      dpeg_arrival_rooms_c, layout_basic, chequers_arboretum,
          hangedman_feature_mirror, chequers_decorated_corner,
          kennysheep_nondescript, minmay_hexomino_r4
D:2:      layout_loops_cross, serial_glass, glass_columns_a, glass_columns_a,
          grunt_ministairs_4, minmay_circled_x
D:3:      layout_basic, general_overflow_altar, ebering_ecumenical_altar_hall
D:4:      layout_basic, nicolae_gozag_seed_capital
D:5:      layout_loops_ring
D:6:      layout_loops_corners, good_gods_mini_temple, nicolae_ru_path_of_blood,
          minmay_temple_entry_purple_smoke

Skill      XL: |  1  2  3  4  5  6  7  8 |
---------------+-------------------------+-----
Axes           | 4 5 6 7 8 9 11 14 | 14.2
Fighting       | |  3.6
Armour         | |  2.4
Dodging        | |  2.1

Action                     |  1- 3 |  4- 6 |  7- 9 || total
---------------------------+-------+-------+-------++-------
  Melee: Hand axe          |    89 |    19 |       ||   108
         Headbutt          |    14 |    12 |    11 ||    37
         Punch             |     1 |       |       ||     1
         War axe           |       |    63 |    92 ||   155
  Throw: Dart              |       |       |     3 ||     3
 Invoke: Berserk           |       |     3 |     4 ||     7
    Use: Scroll            |     3 |     5 |     2 ||    10
         Potion            |       |       |     2 ||     2
 Armour: Animal skin       |    10 |       |       ||    10
         Ring mail         |     8 |    28 |     6 ||    42
         Plate armour      |       |       |    44 ||    44
  Dodge: Dodged            |    66 |    41 |    34 ||   141

Table legend: (Time is in decaauts)
 A = Elapsed time spent in this place.
 B = Non-inter-level travel time spent in this place.
 C = Inter-level travel time spent in this place.
 D = Time resting spent in this place.
 E = Time spent auto-exploring this place.
 F = Levels seen in this place.
 G = Mean time per level.
                   A        B        C        D        E       F      G
               +--------+--------+--------+--------+--------+-----+--------+
         Total |   4754 |   4450 |    304 |    300 |   3335 |   6 |  792.3 |
       Dungeon |   4754 |   4450 |    304 |    300 |   3335 |   6 |  792.3 |
               +--------+--------+--------+--------+--------+-----+--------+

Top non-repeatable levels by time:
     D:3: 976 daAuts
     D:1: 950 daAuts
     D:2: 830 daAuts
     D:5: 739 daAuts
     D:6: 646 daAuts
     D:4: 611 daAuts
